 Dungeon Crawl Stone Soup version 0.28.0-45-g0d030f2227 (webtiles) character file.

Game seed: 13132349028697742843

256 jimbutter the Chopper (level 5, 0/70 HPs)
             Began as a Minotaur Berserker on Apr 6, 2022.
             Was a Believer of Trog.
             Slain by a gnoll
             ... wielding a +0 spear
              (2 damage)
             ... on level 2 of the Dungeon.
             The game lasted 00:03:56 (1476 turns).

jimbutter the Chopper (Minotaur Berserker)          Turns: 1476, Time: 00:03:56

Health: 0/70       AC:  5    Str: 24    XL:     5   Next: 92%
Magic:  4/4        EV: 11    Int:  4    God:    Trog [**....]
Gold:   95         SH:  0    Dex:  9    Spells: 4/4 levels left

rFire   . . .      SeeInvis .   a - +0 hand axe
rCold   . . .      Faith    .   (no shield)
rNeg    . . .      Spirit   .   b - +0 ring mail
rPois   .          Reflect  .   (helmet restricted)
rElec   .          Harm     .   (no cloak)
rCorr   .          Rampage  .   (no gloves)
Will    .....                   (no boots)
Stlth   ..........              (no amulet)
HPRegen 0.21/turn               (no ring)
MPRegen 0.09/turn               (no ring)

@: berserking, very quick
A: horns 2, retaliatory headbutt
a: Renounce Religion, Berserk, Trog's Hand


You were on level 2 of the Dungeon.
You worshipped Trog.
Trog was pleased with you.
You visited 1 branch of the dungeon, and saw 2 of its levels.

You collected 95 gold pieces.

Inventory:

Hand Weapons
 a - a +0 hand axe (weapon)
Missiles
 e - 12 stones (quivered)
Armour
 b - a +0 ring mail (worn)
Scrolls
 c - 3 scrolls of identify {unknown}
 d - a scroll of acquirement {unknown}
Potions
 f - a potion of lignification {unknown}


   Skills:
 + Level 4.6 Fighting
 * Level 7.3 Axes
 + Level 2.8 Armour
 - Level 2.1 Dodging


You had 4 spell levels left.
You didn't know any spells.
Your spell library was empty.

Dungeon Overview and Level Annotations

Branches:
Dungeon (2/15)

Altars:

Shops:
D:1 !


Innate Abilities, Weirdness & Mutations

You have a pair of horns on your head.
You reflexively headbutt those who attack you in melee.


Message History

The gnoll barely misses you.
You barely miss the gnoll.
The gnoll is almost dead.
The gnoll barely misses you.
You hit the gnoll but do no damage. You headbutt the gnoll.
The gnoll is heavily wounded.
The gnoll completely misses you.
You closely miss the gnoll. You headbutt the gnoll!
You kill the gnoll!
Trog accepts your kill. The gnoll barely misses you. x2
Things that are here:
a +0 whip; a gnoll corpse You hit the gnoll but do no damage.
Your headbutt misses the gnoll. The gnoll hits you with a +0 spear.
The gnoll barely misses you.
You barely miss the gnoll. Your headbutt misses the gnoll.
The gnoll completely misses you.
The gnoll hits you from afar with a +0 spear.
You hit the gnoll.
The gnoll is moderately wounded.
The gnoll hits you with a +0 spear!
The gnoll hits you from afar with a +0 spear.
You slash the gnoll!
You kill the gnoll!
Trog accepts your kill.
The gnoll throws a throwing net.
The throwing net hits you.
You become entangled in the net!
Unknown command.
You struggle against the net.
The gnoll hits you from afar with a +0 spear!
* * * LOW HITPOINT WARNING * * *
You struggle against the net.
The gnoll hits you but does no damage.
You struggle against the net.
The gnoll barely misses you.
You shred the net and break free!
The gnoll hits you from afar with a +0 spear!
* * * LOW HITPOINT WARNING * * *
A red film seems to cover your vision as you go berserk!
You feel yourself moving faster!
You feel mighty!
The gnoll hits you from afar with a +0 spear.
You die...

######### #.@.....# ####
#)#####.# ...#
#g#####.########## ...##
.'....'g................
....#
##....#.....#.#.........
....#
#....#####.#.#.#.......
....# ####
#.#.#.#....... ....#
#.#.#.#....... ....#
#.#...........


You could see 2 gnolls.

Vanquished Creatures
  Sigmund (D:2)
  2 gnolls (D:2)
  An adder (D:2)
  A worm (D:2)
  4 ball pythons (D:1)
  6 bats
  7 endoplasms
  7 goblins
  4 hobgoblins
  6 jackals
  A kobold (D:1)
  A quokka (D:2)
  3 frilled lizards (D:1)
  6 rats (D:1)
50 creatures vanquished.

Notes
Turn   | Place    | Note
-------+----------+-------------------------------------------
     0 | D:1      | jimbutter the Minotaur Berserker began the quest for the
                  | Orb.
     0 | D:1      | Reached XP level 1. HP: 19/19 MP: 0/0
   244 | D:1      | Reached skill level 4 in Axes
   250 | D:1      | Reached XP level 2. HP: 19/27 MP: 1/1
   354 | D:1      | Found Wasifybina's Distillery.
   437 | D:1      | Reached ** piety under Trog
   456 | D:1      | Reached XP level 3. HP: 33/33 MP: 2/2
   811 | D:1      | Reached skill level 5 in Axes
   938 | D:2      | Noticed Sigmund
  1153 | D:2      | Killed Sigmund
  1154 | D:2      | Reached skill level 7 in Axes
  1154 | D:2      | Reached XP level 4. HP: 34/41 MP: 3/3
  1154 | D:2      | Reached XP level 5. HP: 39/47 MP: 4/4
  1475 | D:2      | HP: 1/47 [gnoll/+0 spear (8)]
  1476 | D:2      | Slain by a gnoll

Illustrated notes

Levels and vault maps discovered:
D:1:      dpeg_arrival_round_b, layout_rooms, serial_shops,
          nicolae_shop_crystal, minmay_tromino_mix6
D:2:      layout_basic, shapermc_ecumenical_altar_pompeii, uniq_sigmund

Skill      XL: |  1  2  3 |
---------------+----------+-----
Axes           | 4 7 |  7.3
Fighting       | 4 |  4.6
Armour         | |  2.8
Dodging        | |  2.1

Action                   |  1- 3 |  4- 6 || total
-------------------------+-------+-------++-------
Melee: Hand axe          |    72 |    29 ||   101
       Headbutt          |     5 |     4 ||     9
       Punch             |     1 |       ||     1
Invok: Berserk           |     1 |     1 ||     2
Armor: Animal skin       |    10 |       ||    10
       Leather armour    |     4 |       ||     4
       Ring mail         |     1 |     7 ||     8
Dodge: Dodged            |    44 |    22 ||    66
